[Event "*** Titled Tuesday Blitz"]
[Site "Chess.com"]
[Date "2021.03.30"]
[Round "2"]
[White "As0nchess"]
[Black "Taktikmonster"]
[Result "0-1"]
[WhiteElo "2621"]
[BlackElo "2366"]
[TimeControl "180+1"]
[EndTime "10:16:50 PDT"]
[Termination "Taktikmonster won by resignation"]

1. e4 c5 2. Nf3 d6 3. d4 cxd4 4. Nxd4 Nf6 5. Nc3 Nc6 6. f3 e5 7.
Nb3 Be7 8. Be3 O-O 9. Qd2 a5 10. Bb5 Be6 11. O-O-O Nb4 12. a3 d5 13. exd5 Nbxd5 14. Nxd5 Nxd5 15. Bc4 Nxe3 16. Qxe3 Bg5 17. f4 Bxf4 18.
Qxf4 exf4 19. Rxd8 Rfxd8 20. Bxe6 fxe6 21. Re1 Rd6 22. Nc5 b6 23. Ne4 Rc6 24. c3 e5 25. Kc2 Rd8 26.
Kb3 h6 27. Ka4 Rd5 28. h4 Kf7 29. g3 fxg3 30. Nxg3 Rc4+ 31. Kb3 Rxh4 32. Nf5 Rf4 33. Ne3 Rb5+ 34. Kc2 e4 35. Nc4 Ke6 36. a4 Rh5 37. Nxb6 g5 38. b4 g4 39. b5 g3 40. Nc4 g2 41.
Ne3 Rg5 42. Rg1 h5 43. b6 Kd7 44. c4 h4 45. Kc3 h3 46. b7 Kc7 47. Rb1 Kb8 48.
Nd5 Rf3+ 49. Kd4 g1=Q+ 50. Rxg1 Rxg1 51. Kxe4 h2 52. Kxf3 h1=Q+ 53. Ke3 Qh4 54. Kd3 Rg3+ 0-1

[Event "*** Titled Tuesday Blitz"]
[Site "Chess.com"]
[Date "2021.03.30"]
[Round "2"]
[White "monikarozman"]
[Black "geordie_derraugh"]
[Result "0-1"]
[WhiteElo "2269"]
[BlackElo "2474"]
[TimeControl "180+1"]
[EndTime "10:16:50 PDT"]
[Termination "geordie_derraugh won by resignation"]

1. d4 Nf6 2. c4 e6 3. Nc3 Bb4 4.
e3 O-O 5. Ne2 Re8 6. a3 Bf8 7.
Ng3 b6 8. Bd3 Bb7 9. O-O c5 10.
d5 d6 11. b3 Nbd7 12. f4 a6 13. Bc2 exd5 14. Nxd5 Nxd5 15. cxd5 Qf6 16. Ra2 b5 17.
Qd3 g6 18. Bb2 Qh4 19. e4 Nb6 20. Qc3 f6 21. Qxf6 Qxf6 22. Bxf6 Bg7 23. Bxg7 Kxg7 24. Bb1 c4 25. bxc4 Nxc4 26. f5 Ne3 27. Rf3 Ng4 28.
fxg6 hxg6 29. h3 Ne5 30. Rf1 Re7 31. Raf2 Rae8 32. Rf6 Nc4 33. a4 bxa4 34. h4 Nd2 35. Re1 Kxf6 36. Bd3 Rh8 0-1

[Event "*** Titled Tuesday Blitz"]
[Site "Chess.com"]
[Date "2021.03.30"]
[Round "2"]
[White "picturesquecheck"]
[Black "retropwr"]
[Result "1-0"]
[WhiteElo "2251"]
[BlackElo "2430"]
[TimeControl "180+1"]
[EndTime "10:16:50 PDT"]
[Termination "picturesquecheck won on time"]

1. e4 d6 2. d4 Nf6 3. Nc3 e5 4. Nf3 exd4 5. Nxd4 Be7 6. Rg1 d5 7. e5 Ng4 8. f4 Nxh2 9. Be2 c5 10. Nb3 c4 11. Nd4 Nc6 12. Be3 h5 13. Qd2 Ng4 14. Bxg4 Bxg4 15. Nde2 Be6 16. O-O-O d4 17. Nxd4 Nxd4 18.
Bxd4 Qa5 19. Kb1 O-O-O 20. Qe3 Kb8 21. Ne4 Ka8 22. Bc3 Qc7 23. Nd6 Qc6 24. g3 Bxd6 25.
exd6 Rxd6 26. Bxg7 Rhd8 27. Rxd6 Rxd6 28. Be5 Rd5 29. c3 Bf5+ 30. Kc1 1-0

[Event "*** Titled Tuesday Blitz"]
[Site "Chess.com"]
[Date "2021.03.30"]
[Round "2"]
[White "KNVB"]
[Black "Kozok"]
[Result "0-1"]
[WhiteElo "2677"]
[BlackElo "2499"]
[TimeControl "180+1"]
[EndTime "10:16:51 PDT"]
[Termination "Kozok won on time"]

1. d4 d5 2. c4 e6 3. Nc3 Bb4 4. Qa4+ Nc6 5. Nf3 Nf6 6. Bg5 h6 7. Bxf6 Qxf6 8. e3 O-O 9. Rc1 a6 10. cxd5 exd5 11. a3 Bd6 12. Nxd5 Qg6 13. Nc3 Bf5 14.
Nh4 Qg4 15. Nxf5 Qxf5 16. Be2 Rae8 17. O-O Qg5 18. Bf3 Ne7 19. Ne4 Qg6 20. Nxd6 cxd6 21. Qd7 Nf5 22. Qxb7 Nh4 23. g3 Nf5 24. Rc7 h5 25.
Qxa6 h4 26. g4 h3 27. Kh1 Nh4 28. Qc6 Qd3 29. Rg1 Qd2 30. Bd1 Qxf2 31. Bb3 Nf3 0-1

[Event "*** Titled Tuesday Blitz"]
[Site "Chess.com"]
[Date "2021.03.30"]
[Round "2"]
[White "InitiatingASC"]
[Black "kubal123"]
[Result "1-0"]
[WhiteElo "2438"]
[BlackElo "2228"]
[TimeControl "180+1"]
[EndTime "10:16:51 PDT"]
[Termination "InitiatingASC won by checkmate"]

1. d4 g6 2. c4 c5 3. Nf3 cxd4 4. Nxd4 Bg7 5. Nc3 Nc6 6. Nc2 Bxc3+ 7. bxc3 Nf6 8. g3 O-O 9. Bg2 d6 10. O-O Be6 11. Ne3 Qa5 12. Nd5 Bxd5 13. cxd5 Ne5 14. Rb1 b6 15. f4 Nc4 16. e4 Qxa2 17. Rb4 a5 18. Ra4 Qb1 19. Rxc4 Rfc8 20. Rxc8+ Rxc8 21. e5 Nd7 22. e6 fxe6 23. dxe6 Nf6 24. f5 Rxc3 25.
fxg6 hxg6 26. Qd2 Rc2 27. Qh6 Ra2 28. Rxf6 exf6 29. e7 Rxg2+ 30. Kxg2 Qe4+ 31. Kh3 Qxe7 32. Qxg6+ Kh8 33. Bb2 Qe6+ 34. Kh4 Qc4+ 35. g4 Qe6 36. Bxf6+ Qxf6+ 37.
Qxf6+ Kh7 38. Qxd6 Kg7 39. Qxb6 Kf7 40. Qxa5 Ke7 41.
Qf5 Kd6 42. g5 Kc6 43. g6 Kb6 44. g7 Kc6 45. g8=Q Kd6 46. Qgg6+ Kc7 47. Qff7+ Kb8 48. Qgg8# 1-0

[Event "*** Titled Tuesday Blitz"]
[Site "Chess.com"]
[Date "2021.03.30"]
[Round "2"]
[White "andy_rekt"]
[Black "IwkooO"]
[Result "0-1"]
[WhiteElo "2308"]
[BlackElo "2623"]
[TimeControl "180+1"]
[EndTime "10:16:53 PDT"]
[Termination "IwkooO won by resignation"]

1. d4 Nf6 2. c4 g6 3. Nc3 d5 4. Bf4 Bg7 5. e3 O-O 6. Rc1 Be6 7.
cxd5 Nxd5 8. Nxd5 Qxd5 9. b3 c6 10. Nf3 Nd7 11. Bc4 Qa5+ 12. Qd2 Qxd2+ 13. Nxd2 Bd5 14.
O-O Rfc8 15. Rfd1 Nb6 16. Bf1 a5 17. e4 Be6 18. Nc4 Nxc4 19. bxc4 b5 20. d5 Bd7 21. cxb5 cxb5 22. Rc7 Rxc7 23. Bxc7 b4 24. d6 exd6 25.
Rxd6 Be6 26. Rd2 Bc3 27. Rc2 a4 28. f4 Bd4+ 29. Kh1 b3 30. axb3 axb3 31. Rc1 b2 32. Rb1 Ra1 33. Bd3 Ba2 0-1

[Event "*** Titled Tuesday Blitz"]
[Site "Chess.com"]
[Date "2021.03.30"]
[Round "2"]
[White "davigator"]
[Black "MerryPoppies"]
[Result "1-0"]
[WhiteElo "2433"]
[BlackElo "2218"]
[TimeControl "180+1"]
[EndTime "10:16:53 PDT"]
[Termination "davigator won on time"]

1. e4 c6 2. d4 d5 3. e5 Bf5 4. h4 h6 5. g4 Be4 6. f3 Bh7 7. e6 fxe6 8. Bd3 Nf6 9. Bxh7 Rxh7 10.
Qd3 Qb6 11. Qg6+ Kd7 12. Ne2 Na6 13. a3 Rh8 14. Nbc3 Nc7 15. Bf4 c5 16. dxc5 Qxc5 17.
O-O-O Nb5 18. Rhe1 Rd8 19. Nxb5 Qxb5 20. Nd4 Qc4 21. Rxe6 Kc8 22. Qf5 Rd7 23. Qe5 Rc7 24.
Rd3 Nd7 25. Qf5 Rc5 26. b3 g6 27. Qxg6 Rg8 28. Qf5 Rg5 29. hxg5 hxg5 30. bxc4 1-0

[Event "*** Titled Tuesday Blitz"]
[Site "Chess.com"]
[Date "2021.03.30"]
[Round "2"]
[White "LEGENYA1998"]
[Black "guillembaches"]
[Result "0-1"]
[WhiteElo "2257"]
[BlackElo "2462"]
[TimeControl "180+1"]
[EndTime "10:16:54 PDT"]
[Termination "guillembaches won by resignation"]

1. e4 c5 2. Nf3 d6 3. d4 cxd4 4. Nxd4 Nf6 5. Bd3 g6 6. O-O Bg7 7. Nb3 Nc6 8. Nc3 O-O 9. h3 a6 10. a4 Be6 11. Be3 Ne5 12. f4 Nc4 13. Bxc4 Bxc4 14. Re1 b5 15. axb5 axb5 16. Bd4 Rxa1 17. Nxa1 Qc7 18. Nb3 b4 19. Nd5 Nxd5 20. Bxg7 Kxg7 21.
exd5 Bxb3 22. Qd4+ Kg8 23. cxb3 Rb8 24. f5 Rb5 25. f6 exf6 26. Qxf6 Rb8 27. Re7 Qc5+ 28.
Kh2 Qxd5 29. Rd7 Qe5+ 30. Qxe5 dxe5 31. Kg3 Rb5 32. Kf3 Kg7 33. Ke4 Kf6 34. g4 Ke6 35. Rc7 f5+ 36. Ke3 h5 37. gxh5 gxh5 38. Rh7 Kd5 39. Rxh5 f4+ 40. Kd3 Rb8 41. h4 Rg8 42.
Rh7 e4+ 43. Kc2 Rg2+ 44. Kc1 f3 45. Kd1 e3 46. Re7 Rg1+ 47. Kc2 f2 48. Rf7 f1=Q 49. Rxf1 Rxf1 50. Kd3 Rh1 0-1

[Event "*** Titled Tuesday Blitz"]
[Site "Chess.com"]
[Date "2021.03.30"]
[Round "2"]
[White "horripile"]
[Black "Alexander_Zubov"]
[Result "0-1"]
[WhiteElo "2596"]
[BlackElo "2988"]
[TimeControl "180+1"]
[EndTime "10:16:56 PDT"]
[Termination "Alexander_Zubov won by resignation"]

1. Nf3 Nf6 2. g3 g6 3. Bg2 Bg7 4. O-O d5 5. d4 c6 6. Nbd2 O-O 7.
c4 a5 8. b3 Bf5 9. Bb2 Ne4 10.
Ne5 Nxd2 11. Qxd2 Be6 12. cxd5 cxd5 13. Rfc1 Nd7 14. e3 Nf6 15. Qe2 Ne4 16. Qb5 Nd6 17. Qa4 h5 18. b4 b5 19. Qb3 Nc4 20. bxa5 Qxa5 21. Bc3 Qa6 22. Bb4 Nxe5 23. dxe5 Bxe5 24. Bxe7 Rfe8 25. Bc5 Bxa1 26. Rxa1 Qa4 27. Qb2 Rec8 28. Bd6 Ra6 29. Bf4 d4 30. exd4 Rc2 31. Qb1 Qxd4 32. Be3 Qb2 33. Qd1 Rd6 34. Qe1 Bxa2 0-1

[Event "*** Titled Tuesday Blitz"]
[Site "Chess.com"]
[Date "2021.03.30"]
[Round "2"]
[White "Baron_von_Koenig"]
[Black "anon219"]
[Result "0-1"]
[WhiteElo "2554"]
[BlackElo "2855"]
[TimeControl "180+1"]
[EndTime "10:16:57 PDT"]
[Termination "anon219 won by resignation"]

1. b3 d5 2. e3 e5 3. Bb2 Bd6 4. Nf3 Qe7 5. d4 e4 6. Nfd2 Nf6 7. c4 c6 8. Be2 O-O 9. Nc3 a6 10. c5 Bc7 11. b4 Nbd7 12. a4 b6 13.
Qc2 bxc5 14. bxc5 Rb8 15. Nb3 Re8 16. O-O-O a5 17. Kb1 Rb7 18. Ka2 Nb8 19. Nb1 Ra7 20.
Bc3 Na6 21. Nxa5 Bd7 22. Nb3 Rb8 23. Qd2 Qd8 24. Na3 Nb4+ 25. Bxb4 Rxa4 26. Bc3 Rba8 27.
Bb2 Qb8 28. Ra1 Qa7 29. Kb1 Rb8 30. Bd1 Bg4 31. Bc2 Qa6 32. h3 Be2 33. Nc1 Rxa3 34. Nb3 Rxa1+ 35. Nxa1 Ba5 36. Qc1 Bc3 37. Nb3 Ra8 38.
Bxe4 Nxe4 0-1

[Event "*** Titled Tuesday Blitz"]
[Site "Chess.com"]
[Date "2021.03.30"]
[Round "2"]
[White "frederiksvane"]
[Black "kakorrhaphiophobie"]
[Result "1-0"]
[WhiteElo "2689"]
[BlackElo "2339"]
[TimeControl "180+1"]
[EndTime "10:16:57 PDT"]
[Termination "frederiksvane won on time"]

1. a3 f5 2. e4 fxe4 3. d3 Nf6 4. dxe4 Nxe4 5. Bd3 Nf6 6. g4 d5 7. g5 Ng4 8. Nf3 Nc6 9. Qe2 e5 10. h3 e4 11. hxg4 Qe7 12. Bxe4 dxe4 13. Nfd2 Nd4 14. Qc4 Nf3+ 15. Nxf3 exf3+ 16. Be3 Be6 17. Qb5+ c6 18. Qa4 a6 19. Nd2 O-O-O 20. Nxf3 Bd5 21. Rh3 Bxf3 22. Rxf3 Qd7 23. Qe4 Kb8 24. Qf5 Qe8 25. Rd1 Rxd1+ 26. Kxd1 g6 27. Qf6 Be7 28. Qe5+ Ka8 29.
Kc1 Qd8 30. Rf7 Re8 31. Rxh7 Bxa3 32. Qd4 Qxd4 33. Bxd4 Be7 34. Be3 1-0

[Event "*** Titled Tuesday Blitz"]
[Site "Chess.com"]
[Date "2021.03.30"]
[Round "2"]
[White "ARMQUEEN"]
[Black "bait_or_mate"]
[Result "0-1"]
[WhiteElo "2302"]
[BlackElo "2517"]
[TimeControl "180+1"]
[EndTime "10:16:57 PDT"]
[Termination "bait_or_mate won on time"]

1. e4 c5 2. Nc3 e6 3. f4 Nc6 4.
Nf3 g6 5. Bb5 Nge7 6. O-O Bg7 7.
Bxc6 Nxc6 8. d3 d6 9. Qe1 O-O 10. Be3 Rb8 11. a4 a6 12. Ng5 b5 13. axb5 axb5 14. f5 exf5 15. exf5 Bxf5 16. Rxf5 gxf5 17. Qf2 Nd4 18. Kh1 Qe7 19. Re1 Rfe8 20. Nd5 Qb7 21.
Nf4 Re7 22. Nh5 Rbe8 23. Nxg7 Kxg7 24. Bxd4+ cxd4 25. Qxd4+ f6 26. Rg1 Qa7 27. Qc3 b4 28. Qd2 fxg5 29. Qxg5+ Kh8 30. Qf6+ Rg7 31. Qxd6 Qf2 32.
Qc6 Reg8 33. Qd5 Qxc2 34. Qd4 b3 35. h4 Qe2 36. h5 Qxh5+ 0-1

[Event "*** Titled Tuesday Blitz"]
[Site "Chess.com"]
[Date "2021.03.30"]
[Round "2"]
[White "Zkid"]
[Black "pastouche06"]
[Result "1-0"]
[WhiteElo "2851"]
[BlackElo "2551"]
[TimeControl "180+1"]
[EndTime "10:16:58 PDT"]
[Termination "Zkid won by resignation"]

1. e4 c6 2. d4 d5 3. exd5 cxd5 4.
Bd3 Nc6 5. c3 Qc7 6. Ne2 Bg4 7.
O-O Nf6 8. Qe1 e6 9. f3 Bh5 10. Qh4 Rg8 11. Bf4 Qb6 12. Nd2 Bg6 13. Bxg6 hxg6 14.
a4 Be7 15. b4 Ne4 16. Qe1 Nxc3 17. Nxc3 Qxd4+ 18. Be3 Qxc3 19. b5 Bc5 20. Bf2 Nd4 21.
Kh1 Nc2 22. Rc1 Rc8 23. Qd1 Ba3 24. Nb1 Bxc1 25. Nxc3 Rxc3 26. Qxc1 Kd7 27. Bxa7 Rgc8 28. Qg5 Ke8 29. h4 Nd4 30. Bxd4 1-0

[Event "*** Titled Tuesday Blitz"]
[Site "Chess.com"]
[Date "2021.03.30"]
[Round "2"]
[White "Murad_Ibrahimli"]
[Black "federicosellitti"]
[Result "1-0"]
[WhiteElo "2816"]
[BlackElo "2541"]
[TimeControl "180+1"]
[EndTime "10:16:58 PDT"]
[Termination "Murad_Ibrahimli won by resignation"]

1. Nf3 Nf6 2. g3 g6 3. Bg2 Bg7 4. O-O O-O 5. d4 d5 6. c4 c6 7. cxd5 cxd5 8. Ne5 Nc6 9. Nc3 Be6 10. Nxc6 bxc6 11.
Na4 Nd7 12. Be3 f5 13. Rc1 Rc8 14. b3 h6 15. h4 Kh7 16. Qd2 Nf6 17. Nc5 Bg8 18. f3 Nh5 19. Bf2 e5 20. dxe5 Bxe5 21. f4 Bg7 22. Bf3 Nf6 23. Bd4 Ne4 24. Qe3 Nxc5 25. Bxg7 Kxg7 26. Qxc5 Re8 27. Qxa7+ Re7 28. Qd4+ Kh7 29. Kg2 Qe8 30. Rc2 Be6 31. a4 Bd7 32.
a5 Re3 33. b4 Qe6 34. a6 Re4 35. Qc5 g5 36. hxg5 hxg5 37. Rh1+ Kg6 38. fxg5 f4 39. Rh6+ Kxg5 40. Rxe6 Rxe6 41. gxf4+ Kxf4 42. Qd4+ Kf5 43. Bg4+ 1-0

[Event "*** Titled Tuesday Blitz"]
[Site "Chess.com"]
[Date "2021.03.30"]
[Round "2"]
[White "BigAl"]
[Black "serhanberat_ozdemir"]
[Result "1-0"]
[WhiteElo "2496"]
[BlackElo "2675"]
[TimeControl "180+1"]
[EndTime "10:16:58 PDT"]
[Termination "BigAl won by resignation"]

1. Nf3 Nf6 2. g3 g6 3. Bg2 Bg7 4. O-O O-O 5. d3 d5 6. Nbd2 c5 7. e4 Nc6 8. Re1 Bg4 9. h3 Bxf3 10. Qxf3 dxe4 11. dxe4 Nd7 12. c3 Nde5 13. Qe2 Qd3 14.
f4 Qxe2 15. Rxe2 Nd3 16. e5 Rfd8 17. Bxc6 bxc6 18. Nc4 f6 19. exf6 exf6 20. Be3 f5 21. Rd1 Rd5 22. Red2 Rad8 23. Kg2 Kf7 24. Kf3 Ke6 25.
Ke2 Nxb2 26. Rxd5 cxd5 27. Nxb2 Bxc3 28. Na4 Bb4 29. Bxc5 a5 30. a3 Bxc5 31. Nxc5+ Ke7 32.
Nb7 Rc8 33. Nxa5 Kd6 34. Nb3 Rc3 35. Rd3 Rc2+ 36. Ke3 Rg2 37. Kf3 Rc2 38. Nd4 Ra2 39.
g4 Kc5 40. gxf5 Kc4 41. Ke3 Rxa3 42. Rxa3 1-0

[Event "*** Titled Tuesday Blitz"]
[Site "Chess.com"]
[Date "2021.03.30"]
[Round "2"]
[White "Khnykin_Nikolay"]
[Black "BvsN"]
[Result "0-1"]
[WhiteElo "2040"]
[BlackElo "2392"]
[TimeControl "180+1"]
[EndTime "10:16:58 PDT"]
[Termination "BvsN won on time"]

1. e4 c5 2. Nc3 e6 3. d4 cxd4 4. Qxd4 Nc6 5. Qd2 Nf6 6. b3 Bb4 7. Bb2 Nxe4 8. Qe3 Qa5 9. Ne2 d5 10. O-O-O Bc5 11. Nd4 Bxd4 12. Rxd4 Nxd4 13. Qxd4 Nf6 14.
Bb5+ Bd7 15. Bxd7+ Kxd7 16. Rd1 Rac8 17. f3 Rhd8 18.
Kb1 Ke8 19. Na4 Qc7 20. Rc1 b5 21. Nc3 a6 22. Ne2 Kf8 23. g4 e5 24. Qxe5 Qxe5 25. Bxe5 Re8 26. f4 Ne4 27. Re1 f6 28. Bb2 Nd2+ 29. Kc1 Nf3 30. Rf1 Rxe2 31. Rxf3 Rcxc2+ 32. Kd1 Rxb2 0-1

[Event "*** Titled Tuesday Blitz"]
[Site "Chess.com"]
[Date "2021.03.30"]
[Round "2"]
[White "GMJustin"]
[Black "AradNazari"]
[Result "0-1"]
[WhiteElo "2300"]
[BlackElo "2496"]
[TimeControl "180+1"]
[EndTime "10:16:59 PDT"]
[Termination "AradNazari won on time"]

1. e4 e5 2. a3 Nf6 3. Nc3 d5 4.
exd5 Nxd5 5. Bc4 Nxc3 6. Qf3 Qf6 7. Qxf6 gxf6 8. dxc3 Be6 9. Bxe6 fxe6 10. Ne2 Nc6 11. O-O O-O-O 12. Be3 f5 13. f3 Be7 14. Rad1 Bf6 15. Bf2 h5 16. h4 Rdg8 17. Kh2 Rg7 18. Rg1 Rhg8 19. g3 b6 20. c4 e4 21. fxe4 Ne5 22. Kh3 Ng4 23. Rdf1 fxe4 24. Bd4 Bxd4 25. Nxd4 e5 26. Nf5 Rd7 27. Rg2 Rgd8 28. Re2 Rd2 29. Rfe1 Rxe2 30. Rxe2 Rd1 31. Rxe4 Nf2+ 32. Kg2 Nxe4 0-1

[Event "*** Titled Tuesday Blitz"]
[Site "Chess.com"]
[Date "2021.03.30"]
[Round "2"]
[White "FontVella8"]
[Black "pavelalexandru07"]
[Result "1-0"]
[WhiteElo "2477"]
[BlackElo "2291"]
[TimeControl "180+1"]
[EndTime "10:16:59 PDT"]
[Termination "FontVella8 won by resignation"]

1. d4 Nf6 2. Nf3 c5 3. c3 e6 4.
Bf4 b6 5. e3 Bb7 6. Nbd2 Be7 7.
h3 O-O 8. Be2 d6 9. O-O Nbd7 10.
Nc4 Nb8 11. dxc5 dxc5 12. Nce5 Nc6 13. Qc2 Nxe5 14. Nxe5 Qc8 15. Rfd1 Rd8 16. Bf3 Bxf3 17. Nxf3 Qb7 18. Rxd8+ Rxd8 19. Rd1 Rxd1+ 20. Qxd1 Nd5 21. Bg3 f6 22. c4 Nb4 23. a3 Nc6 24. Qd3 g6 25. Qe4 Qd7 26. Qc2 Kf7 27. h4 Kg7 28. Qd2 Qxd2 29. Nxd2 Kf7 30. Ne4 f5 31. Nc3 Bf6 32.
Nd1 e5 33. Kf1 Ke6 34. Ke2 h5 35. Kd2 e4 36. Kc2 Ne5 37. Bxe5 Kxe5 38. g3 Ke6 39. b4 Be7 40. Kb3 Ke5 41. Nc3 cxb4 42. axb4 Bd6 43. Nb5 Bb8 44. Nc3 Kd6 45. Ne2 Ke5 46. Nf4 Kf6 47. Nd5+ Ke5 48. b5 Kd6 49. Nb4 Kc5 50. Nc6 Be5 51. Nxa7 Bd6 52. Nc6 Bf8 53.
Nd8 Be7 1-0

[Event "*** Titled Tuesday Blitz"]
[Site "Chess.com"]
[Date "2021.03.30"]
[Round "2"]
[White "McCarthyStone"]
[Black "chess960now"]
[Result "1-0"]
[WhiteElo "2414"]
[BlackElo "2168"]
[TimeControl "180+1"]
[EndTime "10:16:59 PDT"]
[Termination "McCarthyStone won on time"]

1. Nf3 d6 2. c4 e5 3. Nc3 Nd7 4. d4 Ngf6 5. e3 Be7 6. Be2 O-O 7. O-O c6 8. Rb1 a5 9. a3 Qc7 10. b4 axb4 11. axb4 Re8 12. Qc2 Nf8 13. b5 Ng6 14. Re1 Bf8 15. Bb2 Qe7 16. Ra1 Rxa1 17. Rxa1 e4 18.
Nd2 d5 19. Ra7 Qe6 20. bxc6 bxc6 21. cxd5 cxd5 22. Nb5 Bd6 23. Nxd6 Qxd6 24. Ba3 Qb8 25. Qc7 Be6 26. h3 Qxc7 27. Rxc7 Ra8 28. Bc5 Ra2 29. Ra7 Rxa7 30. Bxa7 Kf8 31. Bb5 Nd7 32. Nb3 Ke7 33. Kf1 f5 34. Na5 f4 35. Nc6+ Kf6 36. Ke2 fxe3 37.
fxe3 Nh4 38. Kf2 Nf5 39. Nd8 1-0

[Event "*** Titled Tuesday Blitz"]
[Site "Chess.com"]
[Date "2021.03.30"]
[Round "2"]
[White "Shuvalov"]
[Black "Maddie"]
[Result "1-0"]
[WhiteElo "2397"]
[BlackElo "2059"]
[TimeControl "180+1"]
[EndTime "10:16:59 PDT"]
[Termination "Shuvalov won by checkmate"]

1. Nf3 d5 2. c4 dxc4 3. e3 b5 4. a4 c6 5. axb5 cxb5 6. b3 Qc7 7. Na3 cxb3 8. Bxb5+ Bd7 9. Qxb3 Nf6 10. Bb2 e6 11.
Rc1 Qd8 12. Ne5 Be7 13. Nxd7 Nbxd7 14. O-O O-O 15. d4 Rb8 16. Qd3 a6 17. Bxd7 Qxd7 18. Nc4 Qa7 19. Bc3 Nd5 20. Bd2 Bb4 21. Ne5 Bxd2 22. Qxd2 a5 23. Nc6 Qa6 24. Nxb8 Rxb8 25. Rb1 Ra8 26. Rfc1 h6 27. e4 Nf6 28. f3 a4 29. Ra1 Nd7 30. Qb4 Nb6 31. Rc6 Rb8 32. Rb1 a3 33. Rxb6 Rxb6 34. Qxb6 a2 35. Qb8+ Kh7 36. Ra1 Qd3 37. Qb2 Qe3+ 38. Kh1 Kg6 39. h3 h5 40. Rxa2 Qe1+ 41. Kh2 h4 42. Qf2 Qc1 43.
Qxh4 f6 44. Qg3+ Kf7 45. Ra7+ Kg8 46. Qxg7# 1-0

[Event "*** Titled Tuesday Blitz"]
[Site "Chess.com"]
[Date "2021.03.30"]
[Round "2"]
[White "kidagent"]
[Black "kikydu96"]
[Result "1-0"]
[WhiteElo "2318"]
[BlackElo "2483"]
[TimeControl "180+1"]
[EndTime "10:17:00 PDT"]
[Termination "kidagent won by resignation"]

1. e4 c5 2. Nf3 d6 3. d4 cxd4 4.
Nxd4 Nf6 5. Nc3 Nc6 6. Be2 e5 7. Nb3 Be6 8. Be3 Be7 9. O-O O-O 10. h3 d5 11. exd5 Nxd5 12. Nxd5 Bxd5 13. Qd2 Be6 14. Rfd1 Qxd2 15. Rxd2 Rac8 16. Nc5 Bxc5 17. Bxc5 Rfd8 18. Rxd8+ Rxd8 19. Rd1 Rxd1+ 20. Bxd1 Bxa2 21. b3 b6 22. Bd6 f6 23. Kf1 a5 24. Ke1 b5 25.
Kd2 a4 26. Kc1 Kf7 27. Kb2 Ke6 28. Bf8 axb3 29. cxb3 Kf7 30. Bc5 Bxb3 31. Bxb3+ Kg6 32. Kc3 h5 33. Bd5 Nd8 34. Kb4 f5 35. Kxb5 e4 36.
Bd4 Nf7 37. Kc6 Ng5 38. Kd6 h4 39. Be3 Nh7 40. Ke7 Nf6 41. Bf7+ Kh7 42. Ke6 1-0

[Event "*** Titled Tuesday Blitz"]
[Site "Chess.com"]
[Date "2021.03.30"]
[Round "2"]
[White "JoliyRoger"]
[Black "onetowin"]
[Result "1-0"]
[WhiteElo "2381"]
[BlackElo "2001"]
[TimeControl "180+1"]
[EndTime "10:17:00 PDT"]
[Termination "JoliyRoger won by resignation"]

1. d4 Nf6 2. c4 e6 3. Nf3 d5 4.
cxd5 exd5 5. Nc3 c6 6. Bg5 Bd6 7.
Qc2 Bg4 8. e3 Nbd7 9. Bd3 h6 10.
Bh4 Qc7 11. Bg3 O-O-O 12. O-O-O Kb8 13. Kb1 Ka8 14. Rc1 Rb8 15. Nb5 cxb5 16. Qxc7 Bxc7 17. Bxc7 Rbc8 18. Bxb5 Ne4 19. Bxd7 Bxd7 20. Ne5 Bb5 21.
Nxf7 Rhf8 22. Nd6 Nxf2 23. Nxc8 Nxh1 24. Be5 Nf2 25. Bxg7 Rg8 26. Ne7 Bd3+ 27. Ka1 Re8 28. Bf6 Ne4 29. Bh4 Ng5 30. Bxg5 hxg5 31. Nxd5 Be4 32.
Nc7+ 1-0

[Event "*** Titled Tuesday Blitz"]
[Site "Chess.com"]
[Date "2021.03.30"]
[Round "2"]
[White "Gudmundur_Kjartansson"]
[Black "KuzubovYuriy"]
[Result "0-1"]
[WhiteElo "2562"]
[BlackElo "2867"]
[TimeControl "180+1"]
[EndTime "10:17:01 PDT"]
[Termination "KuzubovYuriy won on time"]

1. Nf3 d5 2. d4 Bf5 3. c4 e6 4.
Nc3 c6 5. e3 Nd7 6. Bd3 Bxd3 7.
Qxd3 Ngf6 8. O-O Bb4 9. a3 Ba5 10. b4 Bc7 11. e4 dxe4 12. Nxe4 h6 13. Bb2 O-O 14. Rad1 Re8 15. Ng3 a5 16. Rfe1 axb4 17. axb4 b5 18. cxb5 cxb5 19. Qxb5 Nd5 20. Ne5 Bxe5 21.
dxe5 Rb8 22. Qe2 Rxb4 23. Ne4 Qb6 24. Ba1 Nf8 25. Nd6 Ra8 26. Qf3 Rf4 27. Qg3 Ng6 28.
h3 Ra2 29. Rf1 h5 30. Rb1 h4 31. Qg5 Raxf2 32. Rxb6 Rxf1+ 33. Kh2 Nxb6 34. Qd8+ Kh7 35. Qxb6 Rxa1 36. Qb2 Rff1 0-1

[Event "*** Titled Tuesday Blitz"]
[Site "Chess.com"]
[Date "2021.03.30"]
[Round "2"]
[White "northridgehawk"]
[Black "albi1999"]
[Result "0-1"]
[WhiteElo "2308"]
[BlackElo "2621"]
[TimeControl "180+1"]
[EndTime "10:17:01 PDT"]
[Termination "albi1999 won by resignation"]

1. e4 c5 2. Nf3 a6 3. c4 Nc6 4. d4 cxd4 5. Nxd4 e5 6. Nc2 Bc5 7.
Bd3 d6 8. O-O Nf6 9. a3 O-O 10.
Nc3 h6 11. Be3 Bxe3 12. Nxe3 Be6 13. Qd2 Rc8 14. Rfd1 Nd4 15. Qe1 Qe7 16. b4 Rfd8 17.
Rac1 Ng4 18. Ncd5 Qh4 19. Nxg4 Bxg4 20. f3 Qxe1+ 21. Rxe1 Be6 22. Ne7+ Kf8 23. Nxc8 Rxc8 24. Kf2 Ke7 25. Ke3 Rc7 26. g3 f6 27. f4 b6 28. fxe5 fxe5 29. Rf1 Nb3 30. Rc2 Nd4 31. Rcc1 Nb3 32. Rb1 Nd4 33. Rfc1 Kd8 34. a4 Rf7 35.
Rf1 Rc7 36. Rfc1 Rf7 37. Be2 Nxe2 38. Kxe2 Bg4+ 39. Ke1 Bf3 40. c5 Bxe4 41. Rb2 bxc5 42. bxc5 d5 43. c6 Rc7 44. Rb8+ Ke7 45. Rb7 Kd6 46. Rb6 Bd3 47. Kd2 e4 48. Ke3 Ke5 49.
Rc5 Bc4 50. Rb7 Kd6 51. Kd4 g5 52. Rb8 e3 53. Re8 e2 54. Rxc4 dxc4 55. Rxe2 Rxc6 56. Rc2 c3 57. Rxc3 Rxc3 58. Kxc3 Kc5 59. Kb3 g4 60. Kc3 a5 61. Kd3 Kb4 62. Ke4 Kxa4 63. Kf4 Kb3 64. Kxg4 a4 65. Kh5 a3 66. Kxh6 a2 67. h4 a1=Q 68. g4 Qh8+ 69. Kg5 Kc4 70. h5 Kd5 71. h6 Ke6 72. Kg6 Qg8+ 73. Kh5 Kf6 74. Kh4 Qg5+ 75.
Kg3 Qxh6 0-1

[Event "*** Titled Tuesday Blitz"]
[Site "Chess.com"]
[Date "2021.03.30"]
[Round "2"]
[White "ChessQueen"]
[Black "karinachess1"]
[Result "1-0"]
[WhiteElo "2710"]
[BlackElo "2491"]
[TimeControl "180+1"]
[EndTime "10:17:02 PDT"]
[Termination "ChessQueen won by checkmate"]

1. e4 d6 2. d4 Nf6 3. Nc3 e5 4. Nf3 Nbd7 5. Bc4 Be7 6. O-O O-O 7. a4 a6 8. Re1 b6 9. Ba2 c6 10. d5 Bb7 11. dxc6 Bxc6 12. Nd5 Bxd5 13. Bxd5 Nxd5 14. Qxd5 Nf6 15. Qd3 Qc7 16. c4 Rfc8 17.
b3 Nd7 18. Rb1 Rab8 19. Ba3 Nc5 20. Qd5 Ne6 21. Red1 Rd8 22. g3 h6 23. h4 Kf8 24.
Rd2 Rd7 25. Qd3 Rbd8 26. Rbd1 Qc6 27. Qc2 f6 28. Kg2 Nc5 29. Rd5 b5 30. axb5 axb5 31. h5 bxc4 32. Qxc4 Qb7 33. b4 Ne6 34. Nh4 Nd4 35.
Ng6+ Ke8 36. R5xd4 exd4 37. Qg8+ Bf8 38. Qxf8# 1-0

[Event "*** Titled Tuesday Blitz"]
[Site "Chess.com"]
[Date "2021.03.30"]
[Round "2"]
[White "petincash"]
[Black "ENajer77"]
[Result "0-1"]
[WhiteElo "2310"]
[BlackElo "2625"]
[TimeControl "180+1"]
[EndTime "10:17:02 PDT"]
[Termination "ENajer77 won on time"]

1. e4 c6 2. d4 d5 3. exd5 cxd5 4. Bd3 Nc6 5. c3 Nf6 6. Bf4 Bg4 7. Qb3 Qd7 8. Nd2 e6 9. Ngf3 Bd6 10. Bg3 O-O 11.
O-O Bxg3 12. fxg3 Qc7 13. Rae1 Bh5 14. Ne5 Nxe5 15. Rxe5 Bg6 16. Be2 b5 17. g4 Rab8 18. h4 Ne4 19. Nxe4 Bxe4 20. a3 a5 21. g5 b4 22.
axb4 axb4 23. c4 dxc4 24. Bxc4 Bf5 25. h5 Rbd8 26. Rexf5 exf5 27. Rxf5 Rxd4 28. Bd5 g6 0-1